 Dungeon Crawl Stone Soup version 0.20-a0-754-g13ddd6e (webtiles) character file.

10342 Gorice the Nimble (level 11, -3/64 HPs)
             Began as a Kobold Enchanter on Feb 26, 2017.
             Was a Believer of Wu Jian.
             Slain by a yak (13 damage)
             ... on level 1 of the Lair of Beasts.
             The game lasted 01:36:11 (15358 turns).

Gorice the Nimble (Kobold Enchanter)               Turns: 15358, Time: 01:36:12

Health: -3/64      AC:  6    Str:  6    XL:     11   Next: 91%
Magic:  1/23       EV: 23    Int: 18    God:    Wu Jian [**....]
Gold:   532        SH:  4    Dex: 17    Spells: 2/14 levels left

rFire    . . .     SeeInvis .   a - +2 dagger
rCold    . . .     Gourm    .   G - +0 leather armour {MR+}
rNeg     . . .     Faith    .   (shield restricted)
rPois    .         Spirit   .   y - +0 helmet
rElec    .         Reflect  +   R - +1 cloak
rCorr    .         Harm     .   (no gloves)
MR       +....                  (no boots)
Stlth    ++++......             l - +4 amulet of reflection
Regen    0.2/turn               n - +2 ring of evasion
MPRegen  0.2/turn               K - ring of magical power

@: lethally poisoned (-3 -> -6)
A: carnivore 3
a: Renounce Religion


You were on level 1 of the Lair of Beasts.
You worshipped Wu Jian.
Wu Jian was pleased with you.
You were very full.

You visited 3 branches of the dungeon, and saw 12 of its levels.
You also visited: Ossuary.

You collected 532 gold pieces.

Inventory:

Hand Weapons
 a - a +2 dagger (weapon)
 c - a +4 falchion
Missiles
 r - 9 tomahawks (quivered)
 P - 3 poisoned tomahawks
 Y - a throwing net
Armour
 y - a +0 helmet (worn)
 G - a +0 leather armour of magic resistance (worn)
   (You took it off Eustachio on level 6 of the Dungeon)
 N - a +2 buckler
 R - a +1 cloak (worn)
Jewellery
 g - an uncursed ring of flight
 l - a +4 amulet of reflection (around neck)
 n - a +2 ring of evasion (right hand)
 x - an uncursed ring of magical power
 I - an uncursed ring of ice
 K - a ring of magical power (left hand)
Wands
 H - a wand of iceblast (8/15)
 J - a wand of scattershot (7/9)
 O - a wand of iceblast (6/15)
Scrolls
 f - 9 scrolls of teleportation {!r}
 m - 3 scrolls of fog
 v - 3 scrolls of remove curse
 w - 4 scrolls of blinking
 D - a scroll of fear {!r}
Potions
 h - a potion of haste {!q}
 p - 2 potions of resistance {!q}
 t - 3 potions of heal wounds {!q}
 z - 6 potions of curing
 A - 2 potions of cancellation {!q}
 F - a potion of invisibility {!q}
 S - a potion of berserk rage
Comestibles
 b - a royal jelly
 d - 7 meat rations {!e}
 V - a chunk of flesh


   Skills:
 + Level 5.5 Fighting
 - Level 10.0 Short Blades
 + Level 10.7 Dodging
 - Level 10.0 Stealth
 - Level 2.1 Spellcasting
 - Level 0.4 Conjurations
 - Level 10.1 Hexes
 - Level 5.0 Ice Magic


You had 2 spell levels left.
You knew the following spells:

 Your Spells              Type           Power        Failure   Level  Hunger
a - Corona                Hex            #####..      1%          1    #......
b - Confuse               Hex            #####...     1%          3    ###....
c - Ensorcelled Hibernat  Hex/Ice        ####..       1%          2    ###....
d - Tukima's Dance        Hex            #####...     1%          3    ###....
e - Dazzling Spray        Conj/Hex       ###...       12%         3    ###....


Dungeon Overview and Level Annotations

Branches:
Dungeon (10/15)            Temple (1/1) D:7            Lair (1/6) D:10
    Orc: D:9-12

Altars:
Ashenzari
Cheibriados
Dithmenos
Elyvilon
Fedhas
Gozag
Hepliaklqana
Kikubaaqudgha
Makhleb
Nemelex Xobeh
Okawaru
Qazlal
Ru
Sif Muna
Trog
Uskayaw
Vehumet
Wu Jian
Xom
Yredelemnul
Zin
The Shining One

Shops:
D:4 =


Innate Abilities, Weirdness & Mutations

You are small and have problems with some larger weapons.
You are carnivorous and can eat meat at any time.


Message History

Press: ? - help, Shift-Dir - straight line, f/p - water moccasin
Aim: a water moccasin (chance to defeat MR: 58%)
The water moccasin resists with significant effort.
You feel sick. You block the water moccasin's attack.
Casting: Ensorcelled Hibernation
Confirm with . or Enter, or press ? or * to list all spells.
Aiming: Confuse
Press: ? - help, Shift-Dir - straight line, f/p - water moccasin
Aim: a water moccasin (chance to defeat MR: 66%)
The water moccasin appears confused.
You feel sick.
The water moccasin barely misses the yak.
Damage: 1 (max 10)
Casting: Confuse
Confirm with . or Enter, or press ? or * to list all spells.
Aiming: Confuse
Press: ? - help, Shift-Dir - straight line, f/p - water moccasin
Aim: a water moccasin (confused, chance to defeat MR: 66%)
The yak appears confused.
You feel sick.
Damage: 1 (max 10)
Casting: Confuse
Confirm with . or Enter, or press ? or * to list all spells.
Aiming: Confuse
Press: ? - help, Shift-Dir - straight line, f - yak
Aim: a yak (chance to defeat MR: 66%)
The yak struggles to resist.
You feel sick.
The yak barely misses the yak.
Damage: 1 (max 10)
Casting: Confuse
Confirm with . or Enter, or press ? or * to list all spells.
Aiming: Ensorcelled Hibernation
Press: ? - help, Shift-Dir - straight line, f/p - yak
Aim: a yak (chance to defeat MR: 58%)
The yak resists with significant effort.
You feel sick. The yak barely misses you.
Damage: 1 (max 10)
Casting: Ensorcelled Hibernation
Confirm with . or Enter, or press ? or * to list all spells.
Aiming: Confuse
Press: ? - help, Shift-Dir - straight line, f/p - yak
Aim: a yak (chance to defeat MR: 66%)
The yak struggles to resist.
You feel sick. The yak gores you.
* * * LOW HITPOINT WARNING * * *
Damage: 5 (max 10)
You feel sick.
Damage: 1 (max 10)
You have no room to wall jump.
You have no room to wall jump.
You feel sick.
Damage: 1 (max 10)
You feel sick. The yak gores you!
You die...

..≈≈≈≈†Y.##...#.......
##≈.≈≈...##...#......#
#≈......##..........#
##.###.###...#.. ...+ #.
##.# #...##+##+.# #. #..#
#........... #.##.##
#........... #.#Y.#
#........... #..@##
#........... ######...#
#....##.#:#.
........######....#####(.
.(.............)...# ##.
..................## ##.
...............%...####..
..........%..............
#.##P######P########.#.#.
## ## ### ######


You could see a yak.

Vanquished Creatures
  Josephine (D:10)
  A tengu warrior (D:9)
  A hornet (D:10)
  A polar bear (D:8)
  Eustachio (D:6)
  4 wraiths
  6 yaks
  A human (D:9)
  4 hogs (D:8)
  2 porcupines
  A swamp drake (D:10)
  8 ice beasts
  An eye of draining (D:9)
  2 orc warriors (D:10)
  2 sky beasts
  4 ogres
  2 wolves (D:8)
  2 phantoms
  An ogre (shapeshifter) (D:9)
  2 centaurs (D:6)
  4 crocodiles (D:10)
  A big kobold (D:10)
  4 bullfrogs
  A gnoll sergeant (D:5)
  A wyvern skeleton (D:9)
  7 scorpions
  10 wights
  5 killer bees (D:9)
  5 electric eels
  2 howler monkeys
  3 crimson imps
  A bullfrog zombie (D:6)
  2 human zombies (Ossuary)
  A quasit (D:10)
  4 centaur zombies
  8 hounds
  An orc priest (D:5)
  A bullfrog skeleton (D:10)
  6 iguanas
  13 worker ants
  5 orc wizards
  A big kobold zombie (Ossuary)
  A bullfrog simulacrum (D:8)
  A hound zombie (D:5)
  4 mummies
  2 worker ant zombies
  7 gnolls (D:5)
  13 adders
  4 scorpion zombies (Ossuary)
  A hound simulacrum (D:8)
  2 shadow imps
  6 white imps (D:8)
  An ufetubus (D:8)
  An ooze (D:4)
  5 worms
  2 dart slugs
  6 leopard geckos
  19 orcs
  5 bats
  5 giant cockroaches
  7 goblins
  8 hobgoblins
  4 jackals (D:7)
  3 quokkas
  3 ball pythons
  6 frilled lizards
  2 gnoll zombies (Ossuary)
  7 goblin zombies
  4 hobgoblin zombies (Ossuary)
  8 kobolds
  2 kobold zombies (Ossuary)
  3 orc zombies
  12 rats
287 creatures vanquished.

Vanquished Creatures (collateral kills)
  A killer bee (D:9)
  An orc priest (D:10)
2 creatures vanquished.

Vanquished Creatures (others)
  A kobold (D:10)
1 creature vanquished.

Grand Total: 290 creatures vanquished

Notes
Turn   | Place    | Note
-------+----------+-------------------------------------------
     0 | D:1      | Gorice the Kobold Enchanter began the quest for the Orb.
     0 | D:1      | Reached XP level 1. HP: 10/10 MP: 3/3
   250 | D:1      | Reached XP level 2. HP: 15/15 MP: 5/5
   775 | D:1      | Reached skill level 2 in Short Blades
   973 | D:1      | Reached XP level 3. HP: 12/19 MP: 3/6
   974 | D:1      | HP: 5/19 [leopard gecko (5)]
  1337 | D:2      | Reached skill level 4 in Hexes
  1342 | D:2      | Learned a level 3 spell: Confuse
  1345 | D:2      | Learned a level 2 spell: Ensorcelled Hibernation
  1657 | D:2      | Reached XP level 4. HP: 23/24 MP: 7/7
  1789 | D:2      | Reached skill level 3 in Short Blades
  2335 | D:2      | Found an ancient bone altar of Kikubaaqudgha.
  2337 | D:2      | Found a deep blue altar of Sif Muna.
  2339 | D:2      | Found a radiant altar of Vehumet.
  2341 | D:2      | Identified Kikubaaqudgha's Compendium of Unholy Arts
  2597 | D:3      | You fall through a shaft!
  2611 | D:4      | Reached XP level 5. HP: 28/28 MP: 0/8
  2812 | D:3      | Found a white marble altar of Elyvilon.
  2877 | D:3      | Reached skill level 5 in Hexes
  3120 | D:3      | Noticed a sky beast
  3167 | D:3      | HP: 8/28 [sky beast (2)]
  3167 | D:3      | HP: 2/28 [sky beast (6)]
  3172 | D:2      | Killed a sky beast
  3172 | D:2      | Reached skill level 4 in Short Blades
  3172 | D:2      | Reached XP level 6. HP: 15/32 MP: 1/9
  3635 | D:3      | Learned a level 3 spell: Tukima's Dance
  3649 | D:3      | Found a faded altar of an unknown god.
  3822 | D:4      | Reached skill level 6 in Hexes
  3954 | D:4      | Noticed an ogre
  3957 | D:4      | Killed an ogre
  3957 | D:4      | Reached skill level 5 in Short Blades
  3957 | D:4      | Reached XP level 7. HP: 36/36 MP: 4/10
  4109 | D:4      | HP: 7/36 [something/magic dart (7)]
  4119 | D:4      | HP: 3/36 [orc wizard/dagger (3)]
  4452 | D:4      | Found Zyokut's Jewellery Emporium.
  4691 | D:4      | Found a blossoming altar of Fedhas.
  4743 | D:5      | Entered Level 5 of the Dungeon
  4962 | D:5      | Found a sand-covered staircase.
  4976 | D:5      | Reached skill level 7 in Hexes
  5043 | Ossuary  | Entered an ossuary
  5250 | Ossuary  | Reached skill level 6 in Short Blades
  5581 | Ossuary  | Reached XP level 8. HP: 33/41 MP: 2/11
  6081 | Ossuary  | Reached skill level 8 in Hexes
  6381 | D:5      | Reached skill level 7 in Short Blades
  7425 | D:5      | Found a hazy altar of Hepliaklqana.
  7615 | D:5      | Reached skill level 9 in Hexes
  7684 | D:5      | Reached XP level 9. HP: 45/45 MP: 8/12
  7694 | D:5      | Learned a level 3 spell: Dazzling Spray
  7942 | D:6      | Reached skill level 8 in Short Blades
  8433 | D:6      | Reached skill level 10 in Hexes
  8754 | D:6      | Reached skill level 9 in Short Blades
  8975 | D:6      | Noticed a moth of wrath
  8978 | D:6      | Found a bloodstained altar of Trog.
  9123 | D:6      | Noticed Eustachio
  9141 | D:6      | Reached skill level 1 in Ice Magic
  9188 | D:6      | Killed Eustachio
  9188 | D:6      | Reached skill level 2 in Ice Magic
  9443 | D:7      | Reached skill level 3 in Ice Magic
  9476 | D:7      | Reached skill level 10 in Short Blades
  9557 | D:7      | Found a staircase to the Ecumenical Temple.
  9573 | D:7      | Reached XP level 10. HP: 50/50 MP: 10/13
  9711 | D:7      | Reached skill level 5 in Stealth
  9787 | Temple   | Entered the Ecumenical Temple
  9944 | Temple   | Became a worshipper of the Wu Jian Council
 10236 | D:7      | Found a stormy altar of Qazlal.
 10244 | D:7      | Reached skill level 4 in Ice Magic
 10621 | D:8      | Reached skill level 6 in Stealth
 10979 | D:8      | Reached skill level 5 in Ice Magic
 11004 | D:8      | Reached skill level 3 in Dodging
 11004 | D:8      | Reached skill level 7 in Stealth
 11267 | D:8      | Found a shimmering altar of Xom.
 11267 | D:8      | Found a shadowy altar of Dithmenos.
 11345 | D:8      | Reached skill level 4 in Dodging
 11501 | D:8      | Reached * piety under Wu Jian
 11522 | D:8      | Reached skill level 5 in Dodging
 11537 | D:8      | Reached skill level 8 in Stealth
 12103 | D:9      | HP: 15/50 [poisoned by a killer bee]
 12108 | D:9      | HP: 12/50 [poisoned by a killer bee]
 12111 | D:9      | Reached skill level 6 in Dodging
 12113 | D:9      | HP: 10/50 [poisoned by a killer bee]
 12118 | D:9      | HP: 8/50 [poisoned by a killer bee]
 12125 | D:9      | HP: 7/50 [poisoned by a killer bee]
 12133 | D:9      | HP: 7/50 [poisoned by a killer bee]
 12495 | D:9      | Noticed a tengu warrior
 12518 | D:9      | Killed a tengu warrior
 12518 | D:9      | Reached skill level 7 in Dodging
 12518 | D:9      | Reached skill level 9 in Stealth
 12518 | D:9      | Reached XP level 11. HP: 54/54 MP: 12/14
 13043 | D:8      | Reached skill level 8 in Dodging
 13274 | D:10     | Entered Level 10 of the Dungeon
 13349 | D:9      | Reached skill level 10 in Stealth
 13407 | D:9      | Reached skill level 1 in Fighting
 13489 | D:9      | Reached skill level 9 in Dodging
 13566 | D:10     | Reached skill level 2 in Fighting
 13674 | D:10     | Noticed Josephine
 13900 | D:10     | Reached ** piety under Wu Jian
 13976 | D:10     | Paralysed by a hornet for 3 turns
 14254 | D:10     | Killed Josephine
 14254 | D:10     | Reached skill level 3 in Fighting
 14288 | D:9      | Reached skill level 4 in Fighting
 14451 | D:10     | Reached skill level 10 in Dodging
 14835 | D:10     | Reached skill level 5 in Fighting
 14871 | D:10     | Found a staircase to the Lair.
 15239 | Lair:1   | Entered Level 1 of the Lair of Beasts
 15352 | Lair:1   | HP: 19/64 [poisoned by a water moccasin]
 15357 | Lair:1   | HP: 11/64 [poisoned by a water moccasin]
 15358 | Lair:1   | Slain by a yak

Vault maps used:
D:1:      lemuel_arrival_cross, minmay_distorted
D:2:      grunt_temple_overflow_magic_moments
D:3:      elyvilon_altar_5, first_bread, chequers_ecumenical_altar_lobes
D:4:      fedhas_altar_4, serial_shops, nicolae_shop_waterfront, uniq_grinder
D:5:      kennysheep_little_box, nicolae_ossuary_entry_giza
D:6:      tgw_trog, minmay_misc_feat_rugged, uniq_eustachio
D:7:      nicolae_qazlal_eye_of_the_storm, minmay_temple_entry_nine_rooms
D:8:      gammafunk_temple_overflow_wave, serial_ice, serial_ice_k,
          serial_ice_o, serial_ice_f, serial_ice_h, serial_ice_e, serial_ice_m,
          serial_ice_g, serial_ice_b, serial_ice_a, serial_ice_c
D:9:      grunt_livestock, minivault_20, hangedman_decor_slide_cut, st_stairs_12
D:10:     erik_lair_dragon, hangedman_abyss_or_decor_clamps,
          minmay_misc_feat_columns, uniq_josephine
Temple:   minmay_temple_bridge_abc
Lair:1:   infiniplex_staircase_pool, minmay_lair_oklob_chamber,
          uniq_prince_ribbit2
Ossuary:  ossuary_minmay_scorpions

Skill      XL: |  1  2  3  4  5  6  7  8  9 10 11 |
---------------+----------------------------------+-----
Short Blades   | 2 3 4 5 6 7 10 | 10.0
Hexes          | 4 5 6 7 9 10 | 10.1
Ice Magic      | 3 5 |  5.0
Stealth        | 9 10 | 10.0
Dodging        | 7 10 | 10.7
Fighting       | 5 |  5.5
Spellcasting   | |  2.1
Conjurations   | |  0.4

Action                   |  1- 3 |  4- 6 |  7- 9 | 10-12 || total
-------------------------+-------+-------+-------+-------++-------
Melee: Dagger            |   130 |    80 |   457 |   367 ||  1034
       Falchion          |       |       |       |    14 ||    14
 Fire: Hunting sling     |       |       |    14 |    10 ||    24
 Cast: Corona            |    34 |    18 |    12 |       ||    64
       Confuse           |     1 |     7 |    65 |    90 ||   163
       Ensorcelled Hiber |       |    16 |    58 |    73 ||   147
       Tukima's Dance    |       |       |       |     3 ||     3
 Abil: Evoke Flight      |       |       |       |     1 ||     1
  Use: Scroll            |     4 |     8 |    10 |     8 ||    30
       Potion            |       |     3 |     1 |       ||     4
 Stab: Sleeping          |     6 |    18 |    39 |    41 ||   104
       Confused          |     1 |     2 |    38 |    56 ||    97
       Distracted        |       |     2 |       |     3 ||     5
  Eat: Chunk             |    11 |    10 |    29 |    33 ||    83
Armor: Robe              |    13 |     4 |    22 |       ||    39
       Leather armour    |       |       |     1 |    22 ||    23
Dodge: Dodged            |   103 |    43 |   204 |   157 ||   507
Block: Other             |     5 |     9 |    46 |    27 ||    87
       Reflection        |       |       |     1 |     2 ||     3

Table legend:
 A = Turns spent in this place as a percentage of turns spent in the entire game.
 B = Non-inter-level travel turns spent in this place as a percentage of non-inter-level travel turns spent in the entire game.
 C = Inter-level travel turns spent in this place as a percentage of turns spent in this place.
 D = Turns resting spent in this place as a percentage of non-inter-level travel turns spent in this place.
 E = Turns spent auto-exploring this place as a percentage of non-inter-level travel turns spent in this place.
 F = Non-inter-level travel turns spent in this place divided by the number of levels of this place that you've seen.
                   A       B       C       D       E      F
               +-------+-------+-------+-------+-------+----------------------
         Total | 100.0 | 100.0 |   0.4 |   4.2 |   3.7 | 429.2
       Dungeon |  88.4 |  88.4 |   0.5 |   4.2 |   4.1 | 493.1
        Temple |   1.0 |   1.0 |   1.7 |   3.5 |   1.8 |  57.0
          Lair |   1.3 |   1.3 |   0.0 |   0.0 |   8.1 |  74.0
       Ossuary |   9.2 |   9.3 |   0.0 |   5.0 |   0.2 | 518.0
               +-------+-------+-------+-------+-------+----------------------

Vault maps used:
D:1:      lemuel_arrival_cross, minmay_distorted
D:2:      grunt_temple_overflow_magic_moments
D:3:      elyvilon_altar_5, first_bread, chequers_ecumenical_altar_lobes
D:4:      fedhas_altar_4, serial_shops, nicolae_shop_waterfront, uniq_grinder
D:5:      kennysheep_little_box, nicolae_ossuary_entry_giza
D:6:      tgw_trog, minmay_misc_feat_rugged, uniq_eustachio
D:7:      nicolae_qazlal_eye_of_the_storm, minmay_temple_entry_nine_rooms
D:8:      gammafunk_temple_overflow_wave, serial_ice, serial_ice_k,
          serial_ice_o, serial_ice_f, serial_ice_h, serial_ice_e, serial_ice_m,
          serial_ice_g, serial_ice_b, serial_ice_a, serial_ice_c
D:9:      grunt_livestock, minivault_20, hangedman_decor_slide_cut, st_stairs_12
D:10:     erik_lair_dragon, hangedman_abyss_or_decor_clamps,
          minmay_misc_feat_columns, uniq_josephine
Temple:   minmay_temple_bridge_abc
Lair:1:   infiniplex_staircase_pool, minmay_lair_oklob_chamber,
          uniq_prince_ribbit2
Ossuary:  ossuary_minmay_scorpions
